 Dungeon Crawl Stone Soup version 0.21-a0-122-g43b3ea6 (webtiles) character file.

51 tsouns the Insei (level 3, -1/28 HPs)
             Began as a Demonspawn Warper on July 13, 2017.
             Slain by a worm (9 damage)
             ... on level 2 of the Dungeon.
             The game lasted 00:04:48 (1700 turns).

tsouns the Insei (Demonspawn Warper)                Turns: 1700, Time: 00:04:49

Health: -1/28      AC:  3    Str: 12    XL:     3   Next: 58%
Magic:  6/6        EV: 13    Int: 14    God:
Gold:   33         SH:  0    Dex: 12    Spells: 6/6 levels left

rFire    . . .     SeeInvis .     - Unarmed
rCold    . . .     Gourm    .   (no shield)
rNeg     . . .     Faith    .   a - +0 leather armour
rPois    .         Spirit   .   (no helmet)
rElec    .         Reflect  .   (no cloak)
rCorr    .         Harm     .   (no gloves)
MR       +....                  (no boots)
Stlth    ++........             (no amulet)
HPRegen  0.09/turn              i - ring of protection from magic
MPRegen  0.10/turn              e - +2 ring of evasion

@: no status effects
A: demonic guardian 1, nightstalker 1
a: no special abilities


You were on level 2 of the Dungeon.
You were not hungry.

You visited 1 branch of the dungeon, and saw 2 of its levels.

You collected 33 gold pieces.

Inventory:

Missiles
 h - 3 stones (quivered)
Armour
 a - a +0 leather armour (worn)
Jewellery
 e - a +2 ring of evasion (right hand)
 i - a ring of protection from magic (left hand)
Scrolls
 c - a scroll of teleportation {unknown}
 d - a scroll of enchant weapon {unknown}
Books
 b - a book of Spatial Translocations

   Spells                             Type                      Level
   a - Blink                          Translocation                2
   b - Shroud of Golubria             Charms/Translocation         2
   c - Lesser Beckoning               Translocation                3
   d - Gell's Gravitas                Translocation                3
   e - Teleport Other                 Translocation                3
   f - Passage of Golubria            Translocation                4
Comestibles
 f - 3 bread rations
 g - 7 chunks of flesh


   Skills:
 + Level 2.8 Fighting
 - Level 0.8 Throwing
 - Level 0.8 Armour
 - Level 1.7 Dodging
 * Level 3.1 Unarmed Combat
 - Level 2.0 Spellcasting
   Level 2.6 Translocations


You had 6 spell levels left.
You didn't know any spells.

Dungeon Overview and Level Annotations

Branches:
Dungeon (2/15)

Altars:

Annotations:
D:1 Terence


Innate Abilities, Weirdness & Mutations

A weak demonic guardian rushes to your aid.
You are slightly more attuned to the shadows.


Message History

You hit the worm.
The worm is lightly wounded.
You hit the worm.
The worm is moderately wounded.
The worm bites you!
You hit the worm but do no damage.
The worm is moderately wounded.
The worm bites you but does no damage.
You barely miss the worm.
The worm is moderately wounded.
You hit the worm.
The worm is heavily wounded.
The worm bites you.
* * * LOW HITPOINT WARNING * * *
You barely miss the worm.
The worm is heavily wounded.
You completely miss the worm.
The worm is heavily wounded.
The worm bites you!
You die...

*##******,##'#.#...###.##
*,,, *...,*
*,#........#*#.#*** *,,,
*...@####,#.(......#,.<.,,*
*,,,
'.......#,#.%......#,....,*
*,,,
*,,,,*#.#.#..(...###,.....*
**,,, ******#.#........#
*,,....#**,,,, #.##....(..#
*,,,,,,,,,,,,,
#.##.....w.###...,,,***,,,,
#.##.#....@...#****** *,,,,
#.##.#........# *****
#.##.#........#
#.##.#........#
#.##.#.###.#### #....#.*
#.# ****######.#,* #.#
,,,,......<#,* *,*
****########,***,*


You could see a worm.

Vanquished Creatures
  3 adders (D:2)
  2 giant cockroaches (D:1)
  6 goblins
  4 hobgoblins
  2 jackals (D:2)
  3 bats (D:1)
  2 frilled lizards
  3 rats
25 creatures vanquished.

Notes
Turn   | Place    | Note
-------+----------+-------------------------------------------
     0 | D:1      | tsouns the Demonspawn Warper began the quest for the Orb.
     0 | D:1      | Reached XP level 1. HP: 16/16 MP: 3/3
   100 | D:1      | Reached skill level 2 in Unarmed Combat
   206 | D:1      | Gained mutation: You are slightly more attuned to the shadows. [demonic ancestry]
   206 | D:1      | Reached XP level 2. HP: 15/22 MP: 5/5
  1105 | D:2      | Noticed Terence
  1489 | D:2      | Gained mutation: A weak demonic guardian rushes to your aid. [demonic ancestry]
  1489 | D:2      | Reached XP level 3. HP: 28/28 MP: 6/6
  1495 | D:2      | Reached skill level 3 in Unarmed Combat
  1700 | D:2      | Slain by a worm

Vault maps used:
D:1:      minmay_arrival_four_loops
D:2:      uniq_terence

Skill      XL: |  1  2  3 |
---------------+----------+-----
Unarmed Combat | 2 3 |  3.1
Fighting       | |  2.8
Throwing       | |  0.8
Armour         | |  0.8
Dodging        | |  1.7
Spellcasting   | |  2.0
Translocations | |  2.6

Action                   || total
-------------------------++-------
Melee: Unarmed           ||   115
       Punch             ||     1
Throw: Tomahawk          ||     5
       Stone             ||     8
  Use: Potion            ||     4
       Scroll            ||     3
 Stab: Sleeping          ||     3
       Invisible         ||     1
  Eat: Bread ration      ||     1
Armor: Leather armour    ||    18
       Skin              ||     8
Dodge: Dodged            ||    60
